 Dungeon Crawl Stone Soup version 0.31-a0-233-g139696dc86 (webtiles) character file.

Game seed: 8478961244476017549

205 qw the Shooter (level 5, -1/32 HPs)
             Began as a Gargoyle Hexslinger on July 8, 2023.
             Slain by Blork the orc
             ... wielding a +1 mace of protection
              (7 damage)
             ... on level 4 of the Dungeon.
             The game lasted 00:01:05 (2436 turns).

qw the Shooter (Gargoyle Hexslinger)                Turns: 2436, Time: 00:01:05

Health: -1/32      AC: 10    Str: 11      XL:     5   Next: 83%
Magic:  6/6        EV: 10    Int: 13 (14) God:
Gold:   153        SH:  0    Dex: 14      Spells: 5/6 levels left

rFire   . . .        Y - +1 sling
rCold   . . .        (no shield)
rNeg    + . .        c - +0 ring mail
rPois   inf          d - +0 helmet
rElec   +            (no cloak)
rCorr   .            (no gloves)
SInv    .            (no boots)
Will    .....        (no amulet)
Stlth   +            k - +4 ring of slaying {mikee}
HPRegen 0.25/turn    (no ring)
MPRegen 0.10/turn

%: no passive effects
@: no status effects
A: sickness immunity, AC +4, negative energy resistance 1, electricity
resistance, torment resistance 1, petrification resistance
a: no special abilities


You were on level 4 of the Dungeon.
You visited 1 branch of the dungeon, and saw 4 of its levels.

You collected 153 gold pieces.


Innate Abilities, Weirdness & Mutations

You are immune to sickness and miasma.
Your stone body is resilient. (AC +4)
You are immune to poison.
You resist negative energy. (rN+)
You are resistant to electric shocks. (rElec)
You are resistant to unholy torment.
You are immune to petrification.


   Skills:
 + Level 2.9 Fighting
 - Level 5.0 Ranged Weapons
 - Level 1.4 Armour
 - Level 1.5 Dodging
 - Level 1.0 Spellcasting
 - Level 2.6 Hexes


You had 5 spell levels left.
You knew the following spells:

 Your Spells              Type           Power      Damage    Failure   Level
a - Slow                  Hex            28%        N/A       22%         1

Your spell library contained the following spells:

 Spells                   Type           Power      Damage    Failure   Level
 Inner Flame              Hex/Fire       4%         N/A       75%         3
 Portal Projectile        Hex/Tloc       8%         N/A       75%         3
 Cause Fear               Hex            3%         N/A       91%         4

Inventory:

Hand Weapons
 Y - a +1 sling (weapon)
Armour
 c - a +0 ring mail (worn)
 d - a +0 helmet (worn)
Jewellery
 k - a +4 ring of slaying (left hand) {mikee}
Scrolls
 a - 3 scrolls of teleportation
 e - a scroll of identify
Potions
 f - a potion of berserk rage {unknown}
 h - a potion of curing
 j - a potion of resistance {unknown}
 l - a potion of haste {unknown}
 m - a potion of attraction {unknown}
 o - a potion of might {unknown}

Dungeon Overview and Level Annotations

Branches:
Dungeon (4/15)
 Temple: D:4-7

Altars:
Cheibriados

Annotations:
D:4 Blork the orc, Dowan, Duvessa


Message History

You shoot a sling bullet.
The sling bullet closely misses the hobgoblin.
You shoot a sling bullet.
The sling bullet barely misses the hobgoblin.
You shoot a sling bullet. The sling bullet hits the hobgoblin.
The hobgoblin is almost dead.
The hobgoblin hits you but does no damage.
You shoot a sling bullet. The sling bullet hits the hobgoblin.
You kill the hobgoblin!
You start resting.
HP restored.
You open the door.
Blork the orc comes into view.
He is wielding a +1 mace of protection and wearing a +1 robe of willpower.
Blork the orc drinks a potion.
Blork the orc flickers and vanishes!
Deactivating autopickup; reactivate with Ctrl-A.
Found a glowing golden potion.
You shoot a sling bullet.
A magic dart appears from out of thin air!
The magic dart hits you!
You shoot a sling bullet. You shoot a sling bullet. You shoot a sling bullet.
You shoot a sling bullet.
You hear some strange, mumbled words.
A puff of flame appears from out of thin air!
The puff of flame hits you but does no damage.
You shoot a sling bullet. You shoot a sling bullet. Something hits you.
You shoot a sling bullet. Something hits you but does no damage.
Something hits you!
You shoot a sling bullet.
You hear some strange, mumbled words.
You shoot a sling bullet. Something hits you.
You shoot a sling bullet. Something hits you. x2
You shoot a sling bullet. Something hits you!
You die...

+# ... # ### ....
#.##.## .....
###.#...####......
..........@'......
#.##.#...####....!.
#.........# .....
#.##..#.#.# .... ##
#.#.# ... #.#.# +#
..#.# .....#
#.##.##


There were no monsters in sight!

Vanquished Creatures
  An orc priest (D:3)
  An iron imp (D:3)
  Robin (D:2)
  5 adders
  2 worms (D:2)
  2 dart slugs
  7 orcs
  2 bats
  3 endoplasms
  2 giant cockroaches
  15 goblins
  10 hobgoblins
  2 quokkas
  5 ball pythons
  4 frilled lizards
  5 kobolds
  8 rats
75 creatures vanquished.

Notes
Turn   | Place    | Note
-------+----------+-------------------------------------------
     0 | D:1      | qw the Gargoyle Hexslinger began the quest for the Orb.
     0 | D:1      | Reached XP level 1. HP: 12/12 MP: 2/2
     0 | D:1      | 0 ||| qw: Version: 0.3-a-46-gb1f654a
     0 | D:1      | 0 ||| qw: Game counter: 3384
     0 | D:1      | 0 ||| qw: Melee chars always use a shield: true
     0 | D:1      | 0 ||| qw: God list: Okawaru
     0 | D:1      | 0 ||| qw: Allow faded altars: false
     0 | D:1      | 0 ||| qw: Do Orc after clearing Dungeon:15 true
     0 | D:1      | 0 ||| qw: Do second Lair branch before Depths: true
     0 | D:1      | 0 ||| qw: Lair rune preference: random
     0 | D:1      | 0 ||| qw: Goals: Normal
     0 | D:1      | 0 ||| PLANNING D:1-11
   165 | D:1      | Reached XP level 2. HP: 16/16 MP: 3/3
   314 | D:1      | Reached skill level 3 in Ranged Weapons
   620 | D:1      | 620 ||| DROPPING ring of magical power.
   621 | D:1      | 621 ||| UPGRADING to +4 ring of slaying {mikee}.
   622 | D:1      | 622 ||| READING 2 scrolls labelled XUDE QAENULAS.
   626 | D:1      | 626 ||| READING 2 scrolls labelled ECEZ GYATA.
   627 | D:1      | 627 ||| DRINKING 2 silvery potions.
   628 | D:1      | 628 ||| DRINKING 2 puce potions.
   629 | D:1      | 629 ||| DROPPING scroll of poison.
   630 | D:1      | 630 ||| DROPPING scroll of revelation.
   631 | D:1      | 631 ||| DROPPING potion of degeneration.
   632 | D:1      | 632 ||| DROPPING potion of invisibility.
   665 | D:2      | Reached XP level 3. HP: 21/21 MP: 4/4
   756 | D:2      | Noticed Robin
   771 | D:2      | Killed Robin
   868 | D:2      | Reached XP level 4. HP: 26/26 MP: 5/5
   945 | D:2      | Reached skill level 4 in Ranged Weapons
  1134 | D:2      | 1134 ||| UPGRADING to +0 helmet.
  1139 | D:2      | 1139 ||| DROPPING ring of flight.
  1140 | D:2      | 1140 ||| READING scroll labelled POGHOT LEOLAYZY.
  1141 | D:2      | 1141 ||| READING 3 scrolls labelled BATOOG NEMM.
  1142 | D:2      | 1142 ||| READING 2 scrolls of identify.
  1142 | D:2      | 1142 ||| IDENTIFYING clear potion
  1143 | D:2      | 1143 ||| DROPPING potion of magic.
  1199 | D:3      | 1199 ||| FLEEEEING.
  1200 | D:3      | 1200 ||| FLEEEEING.
  1202 | D:3      | 1202 ||| FLEEEEING.
  1203 | D:3      | 1203 ||| FLEEEEING.
  1204 | D:3      | 1204 ||| FLEEEEING.
  1205 | D:3      | 1205 ||| FLEEEEING.
  1206 | D:3      | 1206 ||| FLEEEEING.
  1207 | D:3      | 1207 ||| FLEEEEING.
  1208 | D:3      | 1208 ||| FLEEEEING.
  1211 | D:3      | 1211 ||| FLEEEEING.
  1212 | D:3      | 1212 ||| FLEEEEING.
  1213 | D:3      | 1213 ||| FLEEEEING.
  1214 | D:3      | 1214 ||| FLEEEEING.
  1215 | D:3      | 1215 ||| FLEEEEING.
  1216 | D:3      | 1216 ||| FLEEEEING.
  1217 | D:3      | 1217 ||| FLEEEEING.
  1218 | D:3      | 1218 ||| FLEEEEING.
  1219 | D:3      | 1219 ||| FLEEEEING.
  1220 | D:3      | 1220 ||| FLEEEEING.
  1221 | D:3      | 1221 ||| STAIRDANCE
  1242 | D:3      | 1242 ||| STAIRDANCE
  1256 | D:2      | 1256 ||| UPGRADING to +0 leather armour.
  1266 | D:2      | 1266 ||| DROPPING +0 robe.
  1274 | D:3      | Reached XP level 5. HP: 30/30 MP: 6/6
  1510 | D:3      | Reached skill level 5 in Ranged Weapons
  1534 | D:3      | Found a faded altar of an unknown god.
  2174 | D:3      | Found a snail-covered altar of Cheibriados.
  2226 | D:3      | 2226 ||| UPGRADING to +0 ring mail.
  2239 | D:3      | Reached skill level 1 in Armour
  2239 | D:3      | 2239 ||| DROPPING +0 leather armour.
  2240 | D:3      | 2240 ||| READING scroll labelled KAFUETZOECU.
  2241 | D:3      | 2241 ||| DRINKING 2 fuming pink potions.
  2242 | D:3      | 2242 ||| DRINKING 2 smoky silvery potions.
  2243 | D:3      | 2243 ||| DRINKING 2 brown potions.
  2244 | D:3      | 2244 ||| DROPPING potion of brilliance.
  2379 | D:4      | Noticed Duvessa
  2379 | D:4      | Noticed Dowan
  2391 | D:4      | HP: 6/32 [Duvessa/+0 short sword (5)]
  2392 | D:4      | 2392 ||| READING 4 scrolls of teleportation.
  2392 | D:4      | HP: 2/32 [Duvessa/+0 short sword (3)]
  2393 | D:4      | 2393 ||| DRINKING potion of heal wounds.
  2424 | D:4      | Noticed Blork the orc
  2434 | D:4      | HP: 8/32 [something (6)]
  2436 | D:4      | Slain by Blork the orc

Levels and vault maps discovered:
D:1:      tarquinn_simple_flora_water_a, layout_basic, st_stairs_8,
          minmay_octomino_c4
D:2:      layout_basic, uniq_robin
D:3:      layout_loops_corners, chei_slow_surprise,
          ebering_ecumenical_altar_box, dreamdust_mushroom_princess
D:4:      layout_loops_corners, mainiacjoe_overflow_catwalk, serial_shops,
          nicolae_shop_behind_doors, uniq_blork_the_orc, uniq_duvessa,
          uniq_ijyb, uniq_menkaure

Skill      XL: |  1  2  3  4  5 |
---------------+----------------+-----
Ranged Weapons | 3 4 5 |  5.0
Fighting       | 2 |  2.9
Armour         | 1 |  1.4
Dodging        | |  1.5
Spellcasting   | |  1.0
Hexes          | |  2.6

Action                     |  1- 3 |  4- 6 || total
---------------------------+-------+-------++-------
   Fire: Sling             |   105 |   124 ||   229
    Use: Scroll            |     2 |     5 ||     7
         Potion            |     2 |     4 ||     6
 Armour: Robe              |    17 |     7 ||    24
         Leather armour    |       |    13 ||    13
         Ring mail         |       |     8 ||     8
  Dodge: Dodged            |    39 |    23 ||    62

Table legend:
 A = Non-vault XP
 B = Vault XP
 C = Vault XP percentage of total XP
 D = Non-vault monster count
 E = Vault monster count
 F = Vault count percentage of total count
                 A         B        C        D         E       F
            +---------+---------+-------+---------+---------+-------
      Total |     212 |      82 |  27.9 |      58 |      17 |  22.7
            +---------+---------+-------+---------+---------+-------
        D:1 |      24 |       8 |  25.0 |      14 |       5 |  26.3
        D:2 |      52 |      34 |  39.5 |      19 |      11 |  36.7
        D:3 |     130 |      40 |  23.5 |      23 |       1 |   4.2
        D:4 |       6 |       0 |   0.0 |       2 |       0 |   0.0
            +---------+---------+-------+---------+---------+-------
